 Dungeon Crawl Stone Soup version 0.30-a0-451-ge042605de7 (webtiles) character file.

Game seed: 4570789603787068577

4266 pokeman the Thaumaturge (level 10, -2/56 HPs)
             Began as a Deep Elf Hedge Wizard on Dec 11, 2022.
             Was a Follower of Vehumet.
             Slain by a hornet (8 damage)
             ... on level 8 of the Dungeon.
             The game lasted 00:29:43 (11123 turns).

pokeman the Thaumaturge (Deep Elf Hedge Wizard)    Turns: 11123, Time: 00:29:43

Health: -2/56      AC: 18    Str: 16    XL:     10   Next: 10%
Magic:  17/29      EV: 11    Int: 24    God:    Vehumet [*.....]
Gold:   184        SH:  0    Dex: 14    Spells: 22/36 levels left

rFire   . . .      SeeInvis .    J - +5 scythe "Finisher" {speed, eviscerate}
rCold   . . .      Faith    .    (shield currently unavailable)
rNeg    + . .      Spirit   .    y - +5 ring mail "Dozoaguz" {rN+ Str+3}
rPois   .          Reflect  .    a - +2 helmet
rElec   .          Harm     .    I - scarf {repulsion}
rCorr   .          Rampage  .    (no gloves)
Will    +....                    (no boots)
Stlth   ++........               (no amulet)
HPRegen 0.29/turn                m - +4 ring of protection
MPRegen 0.21/turn                x - +6 ring of strength

@: very slightly contaminated, slowed, repel missiles, very slow
A: no striking features
a: Renounce Religion


You were on level 8 of the Dungeon.
You worshipped Vehumet.
Vehumet was aware of your devotion.
You visited 2 branches of the dungeon, and saw 10 of its levels.
You also visited: Sewer.

You collected 314 gold pieces.
You spent 130 gold pieces at shops.

Inventory:

Hand Weapons
 E - a +2 dagger of electrocution
 F - a +4 quarterstaff of chaos
 J - the +5 scythe "Finisher" (weapon) {speed, eviscerate}
   (You found it on level 8 of the Dungeon)

   Attacks with this weapon are significantly faster.
   It may eviscerate those it strikes, slaying them instantly, with a decreasing
   chance against stronger foes.
Missiles
 o - 3 curare-tipped darts
 u - a throwing net
Armour
 a - a +2 helmet (worn)
 y - the +5 ring mail "Dozoaguz" (worn) {rN+ Str+3}
   (You found it on level 4 of the Dungeon)

   Str:       It affects your strength (+3).
   rN:        It protects you from negative energy.
 H - +0 steam dragon scales
 I - a scarf of repulsion (worn)
Jewellery
 c - an amulet of guardian spirit
 m - a +4 ring of protection (left hand)
 x - a +6 ring of strength (right hand)
 C - a +6 ring of strength
Wands
 A - a wand of paralysis (7)
 G - a wand of polymorph (7)
Scrolls
 b - 3 scrolls of amnesia
 e - 2 scrolls of enchant weapon
 f - 2 scrolls of magic mapping
 h - a scroll of vulnerability {unknown}
 i - a scroll of enchant armour {unknown}
 j - 3 scrolls of noise {unknown}
 l - 3 scrolls of blinking {unknown}
 p - 9 scrolls of teleportation
 s - a scroll of brand weapon {unknown}
 v - 2 scrolls of poison {unknown}
 w - a scroll of silence {unknown}
 B - 3 scrolls of immolation {unknown}
 D - a scroll of torment {unknown}
Potions
 d - 3 potions of magic
 g - 2 potions of curing
 k - a potion of haste
 n - a potion of lignification {unknown}
 q - a potion of mutation {unknown}
 r - 2 potions of heal wounds
 t - 4 potions of might {unknown}
 z - 2 potions of invisibility


   Skills:
 - Level 4.0 Fighting
 + Level 3.8 Armour
 - Level 3.0 Dodging
 - Level 3.0 Stealth
 * Level 13.7 Spellcasting
 + Level 7.9 Conjurations
 - Level 1.1 Summonings
 - Level 1.1 Translocations
 - Level 1.3 Ice Magic
 - Level 1.1 Air Magic
 - Level 1.1 Poison Magic
 - Level 1.3 Evocations


You had 22 spell levels left.
You knew the following spells:

 Your Spells              Type           Power      Damage    Failure   Level
a - Magic Dart            Conj           100%       1d8       1%          1
b - Mephitic Cloud        Conj/Pois/Air  32%        N/A       4%          3
c - Call Imp              Summ           21%        N/A       6%          2
d - Blink                 Tloc           42%        N/A       6%          2
e - Hailstorm             Conj/Ice       38%        3d9       3%          3
f - Swiftness             Air            21%        N/A       12%         3

Your spell library contained the following spells:

 Spells                   Type           Power      Damage    Failure   Level
 Freeze                   Ice            88%        1d9       3%          1
 Slow                     Hex            64%        N/A       6%          1
 Cigotuvi's Dreadful Rot  Necr/Pois/Air  40%        N/A       7%          2
 Ensorcelled Hibernation  Hex/Ice        38%        N/A       8%          2
 Passwall                 Tmut/Erth      13%        N/A       10%         2
 Sublimation of Blood     Necr           16%        N/A       10%         2
 Iskenderun's Mystic Bla  Conj/Tloc      38%        2d9       10%         4
 Frozen Ramparts          Ice            44%        1d7       12%         3
 Fulminant Prism          Conj/Hex       17%        3d11      13%         4
 Kindle Blastsparks       Fire/Tloc/Air  38%        2d13      14%         3
 Irradiate                Conj/Tmut      17%        3d17      34%         5
 Passage of Golubria      Tloc           21%        N/A       38%         4
 Petrify                  Tmut/Erth      16%        N/A       54%         4
 Silence                  Hex/Air        9%         N/A       82%         5
 Lee's Rapid Deconstruct  Erth           8%         3d7*      87%         5
 Lehudib's Crystal Spear  Conj/Erth      17%        10d5      100%        8


Dungeon Overview and Level Annotations

Branches:
Dungeon (9/15)             Temple (1/1) D:4           Sewer (visited)
   Lair: D:8-11         Orc: D:9-12

Altars:
Ashenzari
Cheibriados
Dithmenos
Elyvilon
Fedhas
Gozag
Hepliaklqana
Kikubaaqudgha
Makhleb
Nemelex Xobeh
Okawaru
Qazlal
Ru
Sif Muna
Uskayaw
Vehumet
Wu Jian
Yredelemnul
Zin
The Shining One

Shops:
D:6 !   D:7 *:?[(   D:9 (


Message History

Confirm with . or Enter, or press ? or * to list all spells.
You blink.
Unknown command.
You feel much better. The wraith hits you but does no damage.
The hornet barely misses you.
Unknown command.
Casting: Blink (safe; 6% risk of failure)
Confirm with . or Enter, or press ? or * to list all spells.
Aiming: Mephitic Cloud (dangerous; 4% risk of failure)
Press: ? - help, Shift-Dir - straight line, f/p - hornet
Aim: a hornet (moderately wounded, chance to affect: 72%) That beam is likely to hit you.
Continue anyway?
The ball explodes into a vile cloud!
The stinking cloud engulfs the hornet but does no damage.
The hornet is moderately wounded.
The stinking cloud engulfs the wraith but does no damage.
The stinking cloud engulfs you but does no damage.
You are engulfed in noxious fumes.
You choke on the stench!
You are confused.
You feel stable enough to blink again.
The hornet is engulfed in noxious fumes.
The hornet stings you but does no damage.
The wraith hits you!
* * * LOW HITPOINT WARNING * * *
The wraith drains your vigour!
You feel as though you will be slow longer.
The hornet is engulfed in noxious fumes.
The hornet appears confused.
The hornet closely misses you. The wraith misses you.
Unknown command.
You bump into the rock wall.
You are engulfed in noxious fumes.
You feel less confused.
The hornet is engulfed in noxious fumes.
The hornet appears confused.
The hornet stings you.
* * * LOW HITPOINT WARNING * * *
You feel as though you will be slow longer.
The wraith barely misses you.
The hornet is engulfed in noxious fumes.
The hornet appears confused.
The hornet stings you!
You die...

#######################
#>.F...................
#...###################
#.#.### #.........#
#.#.○y###.........#
#.###W@##.........# #######.#
##.##.........#
#..[....####............#
#.#####................)#####
#.# #.#####.#......))))....
##.## #.#####.#.......))####.
#...####.)...#.#.....)........
#..........#.#.#.......#######
#..♣♣♣♣♣♣♣.#.#.####....#..#..#


You could see a hornet (confused) and a wraith.

Vanquished Creatures
  Pikel (D:8)
  4 wraiths
  A steam dragon (D:7)
  3 water moccasins
  4 orc warriors
  An ogre (D:7)
  2 centaurs
  3 phantoms
  5 kobold brigands
  5 bullfrogs
  A scorpion (D:8)
  A necrophage (D:8)
  5 wights (D:8)
  A killer bee (D:8)
  2 howler monkeys
  4 hounds
  4 orc priests
  Crazy Yiuf (D:6)
  2 iguanas
  6 orc wizards
  Robin (D:2)
  5 gnolls (D:3)
  7 adders
  A river rat (D:3)
  5 white imps
  An ufetubus (D:6)
  2 worms
  2 dart slugs
  29 orcs
  15 ball pythons
  9 endoplasms
  4 giant cockroaches
  14 goblins
  7 hobgoblins
  8 jackals (D:1)
  5 quokkas
  7 bats
  4 frilled lizards
  25 kobolds
  8 rats
215 creatures vanquished.

Vanquished Creatures (collateral kills)
  An orc (D:8)
  A giant cockroach (D:3)
2 creatures vanquished.

Vanquished Creatures (others)
  37 fungi (D:9)
  40 plants
77 creatures vanquished.

Grand Total: 294 creatures vanquished

Notes
Turn   | Place    | Note
-------+----------+-------------------------------------------
     0 | D:1      | pokeman the Deep Elf Hedge Wizard began the quest for the
                  | Orb.
     0 | D:1      | Reached XP level 1. HP: 10/10 MP: 7/7
   270 | D:1      | Reached XP level 2. HP: 16/16 MP: 3/9
   755 | D:1      | Reached skill level 5 in Spellcasting
   936 | D:1      | Reached XP level 3. HP: 20/20 MP: 11/11
   940 | D:1      | Learned a level 3 spell: Mephitic Cloud
   943 | D:1      | Learned a level 2 spell: Call Imp
   946 | D:1      | Learned a level 2 spell: Blink
  1550 | D:1      | Reached skill level 1 in Fighting
  1790 | D:2      | Noticed Robin
  1958 | D:2      | Reached skill level 1 in Armour
  1963 | D:2      | Killed Robin
  1966 | D:2      | Reached XP level 4. HP: 24/25 MP: 7/13
  2071 | D:2      | Found a faded altar of an unknown god.
  2611 | D:2      | Upgraded the game from 0.30-a0-439-g9e77e4d916 to
                  | 0.30-a0-451-ge042605de7
  3486 | D:3      | Reached skill level 6 in Spellcasting
  3495 | D:3      | Reached XP level 5. HP: 20/29 MP: 0/15
  3616 | D:3      | Found a glowing drain.
  3623 | Sewer    | Entered a sewer
  3691 | Sewer    | Reached skill level 1 in Air Magic
  3691 | Sewer    | Reached skill level 1 in Poison Magic
  3880 | Sewer    | Reached XP level 6. HP: 25/34 MP: 12/17
  3929 | Sewer    | Reached skill level 7 in Spellcasting
  4624 | D:3      | Learned a level 3 spell: Swiftness
  5190 | D:4      | Reached skill level 8 in Spellcasting
  5190 | D:4      | Reached XP level 7. HP: 40/40 MP: 11/20
  5348 | D:4      | Identified the +5 ring mail "Dozoaguz" {rN+ Str+3}
  5350 | D:4      | Found a shadowy altar of Dithmenos.
  5544 | D:4      | Found a staircase to the Ecumenical Temple.
  5552 | Temple   | Entered the Ecumenical Temple
  5927 | D:4      | Found a glowing golden altar of the Shining One.
  5930 | D:4      | Found a hazy altar of Hepliaklqana.
  6174 | D:5      | Entered Level 5 of the Dungeon
  6496 | D:5      | Reached skill level 9 in Spellcasting
  6496 | D:5      | Reached skill level 1 in Evocations
  6688 | D:5      | Identified the +0 robe "Ucega" {MP-9 Dex+7}
  6889 | D:5      | Reached XP level 8. HP: 42/44 MP: 20/23
  7099 | D:6      | Found a burning altar of Makhleb.
  7133 | D:6      | Reached skill level 5 in Conjurations
  7216 | D:6      | Found a radiant altar of Vehumet.
  7224 | D:6      | Became a worshipper of Vehumet
  7250 | D:6      | Reached skill level 10 in Spellcasting
  7462 | D:6      | Found a runed translucent door.
  7463 | D:6      | Noticed Crazy Yiuf
  7572 | D:6      | Found Duke's Distillery.
  7580 | D:6      | Bought a potion of degeneration for 10 gold pieces
  7857 | D:6      | Killed Crazy Yiuf
  8076 | D:7      | Reached skill level 11 in Spellcasting
  8245 | D:7      | Found Huerghy's General Store.
  8547 | D:7      | Reached XP level 9. HP: 47/49 MP: 22/26
  8779 | D:7      | Found Wenoh's Antique Weapon Boutique.
  8782 | D:7      | Found Jeraawk's Antique Armour Boutique.
  8782 | D:7      | Found Pisoneah's Book Boutique.
  8784 | D:7      | Found Jupsoh's Magic Scroll Boutique.
  8818 | D:7      | Bought a scroll of identify for 24 gold pieces
  8818 | D:7      | Bought a scroll of teleportation for 36 gold pieces
  8818 | D:7      | Bought a scroll of teleportation for 36 gold pieces
  8818 | D:7      | Bought a scroll of identify for 24 gold pieces
  8966 | D:8      | Found an ornate altar of the Wu Jian Council.
  8998 | D:8      | Reached * piety under Vehumet
  8998 | D:8      | Offered knowledge of Freeze by Vehumet.
  9280 | D:8      | Learned a level 3 spell: Hailstorm
  9539 | D:8      | Found the +5 scythe "Finisher" {speed, eviscerate}
  9760 | D:8      | Noticed a skeletal warrior
  9875 | D:7      | Reached skill level 12 in Spellcasting
  9943 | D:7      | Reached skill level 1 in Ice Magic
  9956 | D:9      | Found Zuph's Weapon Shop.
 10432 | D:8      | Reached skill level 13 in Spellcasting
 10639 | D:8      | Noticed Pikel
 10678 | D:8      | Killed Pikel
 10679 | D:8      | Reached XP level 10. HP: 19/56 MP: 14/29
 10895 | D:8      | Found a hide-covered altar of Uskayaw.
 11118 | D:8      | HP: 2/56 [wraith (8)]
 11123 | D:8      | Slain by a hornet

Illustrated notes

Levels and vault maps discovered:
D:1:      psy_arrival_fountain, layout_loops_ring, serial_aquarium,
          aquarium_bridge_island_small [aquarium_subvault_small_water,
          aquarium_subvault_wall, aquarium_subvault_wall,
          aquarium_subvault_bridge, aquarium_subvault_bridge],
          aquarium_bridge_square [aquarium_subvault_wall,
          aquarium_subvault_bridge, aquarium_subvault_bridge,
          aquarium_subvault_bridge], aquarium_window_1, aquarium_window_2,
          aquarium_window_1, aquarium_window_fake, aquarium_view_2d,
          aquarium_view_4, aquarium_pool_side
D:2:      layout_basic, shapermc_ecumenical_altar_totnotflames, uniq_robin
D:3:      layout_loops_ring, gup_sewer_entry_bubbles
D:4:      layout_loops_ring, nicolae_dithmenos_the_darkroom,
          nicolae_overflow_squiral, minmay_temple_entry_tees
D:5:      layout_basic
D:6:      layout_cave_pools, bloody_makhleb, mainiacjoe_overflow_chevrons,
          serial_rivers, chequers_serial_rivers_room_b,
          chequers_serial_rivers_micro_e, chequers_serial_rivers_small_a,
          chequers_serial_rivers_marsh, chequers_serial_rivers_small_a,
          chequers_serial_rivers_room_a, serial_shops, shop, kennysheep_doodads,
          uniq_crazy_yiuf_cottage
D:7:      layout_loops_ring, serial_shops, nicolae_shop_behind_doors,
          st_stairs_1, hex_tiny, minmay_shop_grid_forest
D:8:      layout_basic, nicolae_wu_jian_wuxing_cycle,
          mainiacjoe_overflow_cross_hatched, minmay_guarded_unrand_finisher,
          uniq_pikel
D:9:      layout_rooms, overflow_temple_1_default, due_lair_maze_entry_diamond,
          serial_shops, shop_statue, nicolae_shop_bloodbath_and_beyond, shop,
          kennysheep_mini_moat, minmay_quadrilaterals
Temple:   oiseaux_autumnal_temple

Skill      XL: |  1  2  3  4  5  6  7  8  9 |
---------------+----------------------------+-----
Spellcasting   | 5 6 8 9 11 13 | 13.7
Fighting       | 1 2 4 |  4.0
Conjurations   | 2 3 4 6 7 |  7.9
Armour         | 1 2 3 |  3.8
Dodging        | 3 |  3.0
Stealth        | 3 |  3.0
Air Magic      | 1 |  1.1
Poison Magic   | 1 |  1.1
Evocations     | 1 |  1.3
Ice Magic      | 1 |  1.3
Summonings     | |  1.1
Translocations | |  1.1

Action                   |  1- 3 |  4- 6 |  7- 9 | 10-12 || total
-------------------------+-------+-------+-------+-------++-------
Melee: Dagger            |    20 |    52 |   158 |       ||   230
       Punch             |       |       |     2 |       ||     2
       Scythe            |       |       |       |     6 ||     6
 Cast: Magic Dart        |   106 |   154 |   200 |       ||   460
       Mephitic Cloud    |     1 |     9 |    28 |     6 ||    44
       Blink             |     1 |       |     5 |     3 ||     9
       Call Imp          |       |     5 |    13 |     1 ||    19
       Hailstorm         |       |       |    19 |       ||    19
       Swiftness         |       |       |     2 |       ||     2
Evoke: Wand              |       |       |     2 |       ||     2
  Use: Scroll            |       |       |     5 |       ||     5
       Potion            |       |       |     1 |     1 ||     2
 Stab: Sleeping          |     1 |     2 |       |       ||     3
       Confused          |       |     4 |    12 |     1 ||    17
       Paralysed         |       |       |     4 |       ||     4
Armor: Leather armour    |    19 |    16 |    39 |       ||    74
       Steam dragon scal |       |       |    11 |       ||    11
       Ring mail         |       |       |    76 |    30 ||   106
Dodge: Dodged            |    42 |    45 |   174 |    18 ||   279

Table legend: (Time is in decaauts)
 A = Elapsed time spent in this place.
 B = Non-inter-level travel time spent in this place.
 C = Inter-level travel time spent in this place.
 D = Time resting spent in this place.
 E = Time spent auto-exploring this place.
 F = Levels seen in this place.
 G = Mean time per level.
                   A        B        C        D        E       F      G
               +--------+--------+--------+--------+--------+-----+--------+
         Total |  11297 |  10873 |    424 |   1154 |   7661 |  11 | 1027.0 |
       Dungeon |  10271 |   9880 |    391 |   1149 |   6839 |   9 | 1141.2 |
        Temple |    326 |    293 |     33 |      0 |    278 |   1 |  326.0 |
         Sewer |    699 |    699 |      0 |      5 |    543 |   1 |  699.0 |
               +--------+--------+--------+--------+--------+-----+--------+

Top non-repeatable levels by time:
     D:1: 1940 daAuts
     D:8: 1729 daAuts
     D:7: 1442 daAuts
     D:2: 1337 daAuts
     D:3: 1284 daAuts
     D:6: 1026 daAuts
     D:5: 738 daAuts
     D:4: 699 daAuts
   Sewer: 699 daAuts
  Temple: 326 daAuts
     D:9: 73 daAuts
